 Dungeon Crawl Stone Soup version 0.30-a0-12-gd8047c6341 (webtiles) character file.

Game seed: 11418240881164897555

844 Sobieck the Shooter (level 8, -1/38 HPs)
             Began as a Vine Stalker Hunter on Aug 23, 2022.
             Slain by a troll (6 damage)
             ... on level 6 of the Dungeon.
             The game lasted 00:08:30 (3654 turns).

Sobieck the Shooter (Vine Stalker Hunter)           Turns: 3654, Time: 00:08:31

Health: -1/38      AC:  4    Str: 14    XL:     8   Next: 0%
Magic:  0/9        EV: 12    Int:  9    God:
Gold:   245        SH:  0    Dex: 20    Spells: 7/7 levels left

rFire   . . .      SeeInvis +    b - +3 rapier (holy) {short}
rCold   . . .      Faith    .    (no shield)
rNeg    . . .      Spirit   +    c - +0 leather armour
rPois   .          Reflect  .    f - +0 helmet
rElec   .          Harm     .    (no cloak)
rCorr   .          Rampage  .    (no gloves)
Will    +....                    (no boots)
Stlth   ++........               (no amulet)
HPRegen 0.92/turn                x - ring of see invisible
MPRegen 0.11/turn                (no ring)

@: mighty, hasted, very quick
A: fangs 3, regeneration 1, magic shield, antimagic bite, no potion heal 2
a: no special abilities


You were on level 6 of the Dungeon.
You visited 1 branch of the dungeon, and saw 6 of its levels.

You collected 245 gold pieces.


Innate Abilities, Weirdness & Mutations

You have razor-sharp teeth.
Your natural rate of healing is unusually fast.
When hurt, damage is shared between your health and your magic reserves.
Your bite disrupts and absorbs the magic of your enemies.
Potions cannot restore your health.


   Skills:
 - Level 1.7 Fighting
 + Level 5.1 Short Blades
 - Level 7.0 Ranged Weapons
 - Level 1.5 Dodging
 - Level 1.2 Stealth


You had 7 spell levels left.
You didn't know any spells.
Your spell library contained the following spells:

 Spells                   Type           Power      Damage    Failure   Level
 Static Discharge         Conj/Air       0%         3-3/arc   61%         2
 Lightning Bolt           Conj/Air       0%         1d11      100%        5
 Maxwell's Capacitive Co  Air            0%         ∞         100%        8

Inventory:

Hand Weapons
 a - a +4 sling of freezing
   (You found it on level 4 of the Dungeon)
 b - a +3 rapier of holy wrath (weapon) {short}
   (You took it off Eustachio on level 4 of the Dungeon)
 y - a +0 shortbow {bow}
 L - a +2 short sword of holy wrath {short}
   (You took it off an orc on level 4 of the Dungeon)
Missiles
 h - 43 stones {throwing}
Armour
 c - a +0 leather armour (worn)
 e - a +1 pair of gloves
   (You found it on level 5 of the Dungeon)
 f - a +0 helmet (worn)
   (You found it on level 1 of the Dungeon)
 i - a +0 robe
   (You took it off Blork the orc on level 5 of the Dungeon)
 j - a +0 plate armour
   (You found it on level 1 of the Dungeon)
 l - a +0 scale mail
   (You found it on level 1 of the Dungeon)
 q - a +0 ring mail
   (You found it on level 2 of the Dungeon)
 s - a +0 robe
   (You took it off Jessica on level 2 of the Dungeon)
 t - a +0 leather armour
   (You took it off an orc on level 2 of the Dungeon)
 u - a +0 leather armour
   (You took it off an orc on level 2 of the Dungeon)
 w - a +0 leather armour
   (You found it on level 2 of the Dungeon)
 A - a +0 ring mail
   (You found it on level 4 of the Dungeon)
 C - a +0 leather armour
   (You took it off an orc on level 4 of the Dungeon)
 F - a +0 robe
   (You took it off an orc wizard on level 4 of the Dungeon)
 G - a +0 leather armour
   (You took it off an orc on level 4 of the Dungeon)
 H - a +0 leather armour
   (You took it off an orc on level 4 of the Dungeon)
 I - a +0 leather armour
   (You found it on level 4 of the Dungeon)
 J - a +0 leather armour
   (You took it off Eustachio on level 4 of the Dungeon)
 M - a +0 leather armour
   (You found it on level 4 of the Dungeon)
 N - a +0 robe
   (You found it on level 4 of the Dungeon)
 Q - a +0 leather armour
   (You found it on level 4 of the Dungeon)
Magical Staves
 P - a staff of poison {!astaff}
   (You found it on level 6 of the Dungeon)
Jewellery
 x - a ring of see invisible (left hand)
   (You found it on level 2 of the Dungeon)
 K - a ring of resist corrosion
   (You found it on level 4 of the Dungeon)
Wands
 o - a wand of mindburst (8)
   (You found it on level 6 of the Dungeon)
 B - a wand of charming (4)
   (You found it on level 4 of the Dungeon)
Scrolls
 m - 5 scrolls of immolation {!r!r}
 v - 3 scrolls of blinking {!r}
Potions
 d - a potion of berserk rage {!q}
 g - a potion of lignification {!q}
 k - a potion of heal wounds {@q2}
 n - 3 potions of might
 p - a potion of curing {unknown}
 z - a potion of degeneration {unknown}
 D - 3 potions of attraction {!q}
 E - 2 potions of mutation {!q}
 O - a potion of brilliance {unknown}

Dungeon Overview and Level Annotations

Branches:
Dungeon (5/15) Zot: 26959
 Temple: D:4-7

Altars:
Cheibriados
Dithmenos
Okawaru

Annotations:
D:3 Grinder

##### #
##..)## .#
##.....## ..#
#)......#...#
#...@T..'...
#....)..#...
##.....## .
##...## #####


You could see a troll.


Message History

Your +3 rapier of holy wrath {short} stops glowing.
Your +4 sling of freezing is covered in frost.
a - a +4 sling of freezing (weapon)
You see here a hound corpse.
Found a stone staircase leading up.
Unknown command.
An ufetubus comes into view.
Danger!
You shoot a sling bullet. The sling bullet misses the ufetubus.
The ufetubus shouts!
The ufetubus completely misses you.
The ufetubus hits you but does no damage.
You shoot a sling bullet.
The sling bullet closely misses the ufetubus.
The ufetubus closely misses you. The ufetubus hits you. x2
The ufetubus misses you.
Your +4 sling of freezing stops glowing.
Your +3 rapier of holy wrath {short} softly glows with a divine radiance!
b - a +3 rapier of holy wrath (weapon)
{short} The ufetubus hits you but does no damage.
The ufetubus barely misses you.
You puncture the ufetubus!
You kill the ufetubus!
You have reached level 8!
You feel stronger.
Your teeth grow very long and razor-sharp.
Your +3 rapier of holy wrath {short} stops glowing.
Your +4 sling of freezing is covered in frost.
a - a +4 sling of freezing (weapon)
D - 3 potions of attraction {!q} (gained 1)
o - a scroll of identify {@r1} Unknown command.
As you read the scroll of identify {@r1}, it crumbles to dust.
r - a potion of haste You now have 220 gold pieces (gained 13).
h - 32 stones {throwing} (gained 1)
A sourceless malevolence fills the Dungeon...
You fall into a shaft and drop 1 floor!
The shaft crumbles and collapses.
h - 37 stones {throwing} (gained 5)
You now have 235 gold pieces (gained 15).
You now have 245 gold pieces (gained 10).
o - a wand of mindburst (8)
Something unseen opens the door.
Unknown command.
Unknown command.
An orc comes into view. It is wielding a +0 flail.
Danger!
You shoot a sling bullet.
The sling bullet closely misses the orc.
The orc shouts!
You hear a shout!
You shoot a sling bullet. The sling bullet hits the orc.
The sling bullet freezes the orc.
You shoot a sling bullet. The sling bullet hits the orc.
The sling bullet freezes the orc.
Your +4 sling of freezing stops glowing.
Your +3 rapier of holy wrath {short} softly glows with a divine radiance!
b - a +3 rapier of holy wrath (weapon)
{short} You hit the orc.
You kill the orc!
No target in view!
Your +3 rapier of holy wrath {short} stops glowing.
Your +4 sling of freezing is covered in frost.
a - a +4 sling of freezing (weapon)
p - a glowing cyan potion Unknown command.
P - a staff of poison {!astaff} Unknown command.
You see here a +0 hand axe {axe}.
h - 43 stones {throwing} (gained 6)
A troll comes into view.
Danger!
You shoot a sling bullet.
The sling bullet closely misses the troll.
The troll shouts!
You shoot a sling bullet. The sling bullet hits the troll.
The sling bullet freezes the troll.
You shoot a sling bullet. The sling bullet hits the troll.
The sling bullet freezes the troll.
You shoot a sling bullet.
The sling bullet hits the troll but does no damage.
You shoot a sling bullet.
The sling bullet barely misses the troll.
Your +4 sling of freezing stops glowing.
Your +3 rapier of holy wrath {short} softly glows with a divine radiance!
b - a +3 rapier of holy wrath (weapon)
{short} Unknown command.
You hit the troll. Your bite misses the troll. The troll bites you.
The troll misses you. The troll claws you!
You puncture the troll! The troll bites you!
* * * LOW HITPOINT WARNING * * *
The troll barely misses you. The troll claws you!
* * * LOW HITPOINT WARNING * * *
Unknown command.
You feel very mighty all of a sudden. The troll completely misses you.
The troll claws you!
* * * LOW HITPOINT WARNING * * *
The troll barely misses you.
You feel yourself speed up. The troll bites you!
You die...

Skill      XL: |  1  2  3  4  5  6  7 |
---------------+----------------------+-----
Ranged Weapons | 4 5 6 7 |  7.0
Short Blades   | 1 2 3 5 |  5.1
Fighting       | |  1.7
Dodging        | |  1.5
Stealth        | |  1.2

Action                   |  1- 3 |  4- 6 |  7- 9 || total
-------------------------+-------+-------+-------++-------
Melee: Unarmed           |     2 |       |       ||     2
       Dagger            |     6 |    63 |       ||    69
       Bite              |     1 |    21 |     8 ||    30
       Punch             |     1 |     1 |     1 ||     3
       Rapier            |       |       |    20 ||    20
 Fire: Shortbow          |    79 |    37 |       ||   116
       Sling             |       |    41 |    41 ||    82
  Use: Potion            |       |     1 |     2 ||     3
       Scroll            |       |       |    11 ||    11
Armor: Leather armour    |    22 |    20 |     9 ||    51
       Skin              |       |    28 |       ||    28
Dodge: Dodged            |    27 |    42 |    18 ||    87

Levels and vault maps discovered:
D:1:      onia_arrival_pentagram, layout_basic, shapermc_ecumenical_altar_ellora
D:2:      layout_basic, basic_altar, uniq_jessica
D:3:      layout_loops_ring, mainiacjoe_overflow_tiny_flanked, serial_shops,
          shop, kennysheep_generic_room_14, uniq_grinder
D:4:      layout_loops_cross, minmay_puff, uniq_eustachio
D:5:      layout_cave_pools, lemuel_tele_altar, nzn_wu_jian_council_hall,
          okawaru_gym_becter, minmay_manual_mess, uniq_blork_the_orc
D:6:      minmay_opposing_rooms, layout_basic,
          mainiacjoe_overflow_catwalk_spiral, minmay_temple_entry_overgrown,
          uniq_prince_ribbit1, uniq_maggie

Notes
Turn   | Place    | Note
-------+----------+-------------------------------------------
     0 | D:1      | Sobieck the Vine Stalker Hunter began the quest for the
                  | Orb.
     0 | D:1      | Reached XP level 1. HP: 11/11 MP: 2/2
    94 | D:1      | Reached skill level 4 in Ranged Weapons
    94 | D:1      | Reached XP level 2. HP: 13/15 MP: 3/3
   399 | D:1      | You pick up a book of Lightning and begin reading...
   399 | D:1      | You add the spells Static Discharge, Lightning Bolt and
                  | Maxwell's Capacitive Coupling to your library.
   553 | D:1      | Reached XP level 3. HP: 18/18 MP: 4/4
   713 | D:1      | Found a faded altar of an unknown god.
  1252 | D:2      | Found a snail-covered altar of Cheibriados.
  1303 | D:2      | Noticed Jessica
  1305 | D:2      | Killed Jessica
  1306 | D:2      | Reached skill level 1 in Short Blades
  1306 | D:2      | Gained mutation: Your natural rate of healing is unusually
                  | fast. [Vine Stalker growth]
  1306 | D:2      | Reached XP level 4. HP: 23/23 MP: 5/5
  1353 | D:2      | Reached skill level 5 in Ranged Weapons
  1563 | D:1      | Reached XP level 5. HP: 22/26 MP: 4/6
  2008 | D:3      | Found a shadowy altar of Dithmenos.
  2070 | D:3      | Noticed Grinder
  2072 | D:3      | Paralysed by Grinder for 2 turns
  2083 | D:3      | Paralysed by Grinder for 5 turns
  2085 | D:3      | HP: 6/26 [Grinder (7)]
  2085 | D:3      | HP: 2/26 [Grinder (4)]
  2090 | D:3      | HP: 5/26 [Grinder (2)]
  2263 | D:4      | Reached skill level 2 in Short Blades
  2393 | D:4      | Reached skill level 6 in Ranged Weapons
  2393 | D:4      | Reached XP level 6. HP: 20/30 MP: 5/7
  2569 | D:4      | Noticed Eustachio
  2578 | D:4      | Killed Eustachio
  2579 | D:4      | Reached skill level 3 in Short Blades
  2579 | D:4      | Reached XP level 7. HP: 32/34 MP: 6/8
  3062 | D:4      | Reached skill level 7 in Ranged Weapons
  3179 | D:5      | Entered Level 5 of the Dungeon
  3211 | D:5      | Noticed Blork the orc
  3223 | D:5      | Killed Blork the orc
  3224 | D:5      | Reached skill level 4 in Short Blades
  3305 | D:5      | Found an iron altar of Okawaru.
  3464 | D:5      | Reached skill level 5 in Short Blades
  3491 | D:5      | Gained mutation: You have razor-sharp teeth. [Vine Stalker
                  | growth]
  3491 | D:5      | Reached XP level 8. HP: 35/38 MP: 7/9
  3614 | D:5      | You fall into a shaft and drop 1 floor!
  3644 | D:6      | Noticed a troll
  3653 | D:6      | HP: 4/38 [troll (6)]
  3654 | D:6      | Slain by a troll

Vanquished Creatures
  Eustachio (D:4)
  A black bear (D:4)
  A necrophage (D:4)
  Blork the orc (D:5)
  2 scorpions (D:5)
  3 hounds
  2 orc priests
  Jessica (D:2)
  An orc wizard (D:4)
  7 adders
  A white imp (D:5)
  An ufetubus (D:5)
  2 worms
  2 dart slugs (D:1)
  9 orcs
  5 endoplasms
  4 giant cockroaches
  4 goblins
  6 hobgoblins
  11 jackals
  2 quokkas (D:1)
  5 ball pythons
  4 bats
  3 frilled lizards
  4 kobolds
  A rat (D:2)
84 creatures vanquished.

Table legend:
 A = Non-vault XP
 B = Vault XP
 C = Vault XP percentage of total XP
 D = Non-vault monster count
 E = Vault monster count
 F = Vault count percentage of total count
                 A         B        C        D         E       F
            +---------+---------+-------+---------+---------+-------
      Total |     726 |     480 |  39.8 |      78 |       6 |   7.1
            +---------+---------+-------+---------+---------+-------
        D:1 |      72 |       0 |   0.0 |      26 |       0 |   0.0
        D:2 |      84 |      37 |  30.6 |      21 |       1 |   4.5
        D:3 |      16 |       2 |  11.1 |       3 |       1 |  25.0
        D:4 |     317 |     351 |  52.5 |      21 |       3 |  12.5
        D:5 |     234 |      90 |  27.8 |       6 |       1 |  14.3
        D:6 |       3 |       0 |   0.0 |       1 |       0 |   0.0
            +---------+---------+-------+---------+---------+-------

Illustrated notes

Table legend:
 A = Kills in this place as a percentage of kills in entire the game.
 B = Kills by you in this place as a percentage of kills by you in the entire game.
 C = Kills by friends in this place as a percentage of kills by friends in the entire game.
 D = Other kills in this place as a percentage of other kills in the entire game.
 E = Experience gained in this place as a percentage of experience gained in the entire game.
 F = Experience gained in this place divided by the number of levels of this place that you have seen.
                   A       B       C       D       E      F
               +-------+-------+-------+-------+-------+----------------------
         Total | 100.0 | 100.0 |   N/A |   N/A | 100.0 | 201.0
       Dungeon | 100.0 | 100.0 |   N/A |   N/A | 100.0 | 201.0
               +-------+-------+-------+-------+-------+----------------------

Table legend: (Time is in decaauts)
 A = Elapsed time spent in this place.
 B = Non-inter-level travel time spent in this place.
 C = Inter-level travel time spent in this place.
 D = Time resting spent in this place.
 E = Time spent auto-exploring this place.
 F = Levels seen in this place.
 G = Mean time per level.
                   A        B        C        D        E       F      G
               +--------+--------+--------+--------+--------+-----+--------+
         Total |   3669 |   3496 |    173 |     93 |   2710 |   6 |  611.5 |
       Dungeon |   3669 |   3496 |    173 |     93 |   2710 |   6 |  611.5 |
               +--------+--------+--------+--------+--------+-----+--------+

Top non-repeatable levels by time:
     D:1: 1278 daAuts
     D:4: 1005 daAuts
     D:2: 789 daAuts
     D:5: 430 daAuts
     D:3: 125 daAuts
     D:6: 39 daAuts
